Stars vs Wild

Created - 27 septembre 2019 at 13:22

Simulating a Pre-Season

Goals
1 2 3 T
Stars 0 1 1 2
Wild 1 2 0 3
Shots
1 2 3 T
Stars 13 11 9 33
Wild 17 17 4 38

1st period

1. Wild , Frank Vatrano 1 (T.J. Oshie 2, Evgeny Kuznetsov 3) at 15:07

Penalties :
No Penalty

2nd period

2. Wild , Jack Eichel 3 (Brad Marchand 3) at 1:04
3. Wild , Kris Letang 2 (Brad Marchand 4, Jack Eichel 5) at 1:24 (PP)
4. Stars , Dion Phaneuf 1 (J.T. Compher 5, Charlie Coyle 2) at 8:27 (PP)

Penalties :
Mikko Rantanen (DAL) for Cross-checking (Minor) at 1:07, Richard Panik (DAL) for Hooking (Minor) at 6:08, Lawson Crouse (MIW) for Hooking (Minor) at 8:21

3rd period

5. Stars , Charlie Coyle 2 (Richard Panik 2, Dion Phaneuf 2) at 11:29

Penalties :
Alexander Radulov (DAL) for Roughing (Minor) at 3:40

Goalie Stats

Jimmy Howard (DAL), 35 saves from 38 shots - (0,921), L, 2-4-0, 60:00 minutes
Anton Khudobin (MIW), 31 saves from 33 shots - (0,939), W, 5-3-0, 60:00 minutes

Players Stats for Stars

Player Name              G  A  P  +/- PIM S  H  SB GA TA FO     MP     PP MP  PK MP  
------------------------------------------------------------------------------------
Adam Henrique            0  0  0  -1  0   1  0  0  0  0  1/1    17:57   0:00   0:35 
Adam Pelech              0  0  0   0  0   0  0  2  0  0  0/0    10:49   0:00   0:00 
Alexander Radulov        0  0  0  -1  2   1  3  1  0  0  0/1    19:06   0:00   1:41 
Charlie Coyle            1  1  2   0  0   3  0  0  0  0  0/0    17:58   0:06   0:00 
Chris Tanev              0  0  0   0  0   0  0  2  0  1  0/0    24:14   0:00   3:22 
Danton Heinen            0  0  0   0  0   1  1  0  0  0  0/0    13:55   0:00   0:00 
Derrick Pouliot          0  0  0   0  0   0  0  0  0  0  0/0    10:49   0:00   0:00 
Dion Phaneuf             1  1  2   0  0   3  0  0  0  1  0/0    17:35   0:06   0:53 
Dylan Strome             0  0  0   0  0   0  0  1  0  0  3/5     7:48   0:00   1:18 
Francois Beauchemin      0  0  0  -1  0   1  0  0  1  0  0/0     7:22   0:00   0:00 
J.T. Compher             0  1  1   0  0   3  0  0  0  2  8/14   19:38   0:06   1:33 
Joe Thornton             0  0  0   0  0   3  0  0  0  1  2/11   13:55   0:00   0:00 
John Klingberg           0  0  0   0  0   2  0  3  0  2  0/0    24:14   0:00   3:22 
Luke Witkowski           0  0  0   0  0   0  0  1  0  1  0/0     6:19   0:00   0:00 
Mikko Rantanen           0  0  0  -1  2   7  1  1  1  0  13/36  24:51   0:00   2:49 
Richard Panik            0  1  1   0  2   4  2  0  0  1  0/1    18:04   0:06   0:00 
Ryan Murphy              0  0  0  -1  0   1  0  0  0  0  0/0     7:22   0:00   0:00 
Ryan Strome              0  0  0   0  0   1  0  0  0  0  1/1    13:55   0:00   0:00 
Sam Steel                0  0  0   0  0   1  0  0  0  0  0/0     2:16   0:00   0:34 
Thomas Chabot            0  0  0   0  0   1  2  0  0  3  0/0    17:35   0:06   0:53 

Players Stats for Wild

Player Name              G  A  P  +/- PIM S  H  SB GA TA FO     MP     PP MP  PK MP  
------------------------------------------------------------------------------------
Adrian Kempe             0  0  0  -1  0   0  3  0  1  0  0/0    11:46   0:00   0:00 
Brad Marchand            0  2  2   1  0   7  1  0  2  0  2/2    23:06   1:59   0:00 
Brayden McNabb           0  0  0   0  0   2  3  3  0  0  0/0    22:26   0:00   0:06 
Chris Tierney            0  0  0  -1  0   0  0  0  0  0  1/5    11:52   0:00   0:06 
Christian Dvorak         0  0  0   0  0   0  1  1  2  0  5/6     8:04   0:00   0:00 
Evgeny Kuznetsov         0  1  1   1  0   5  1  0  0  0  13/20  16:58   2:16   0:00 
Frank Vatrano            1  0  1   1  0   1  2  1  1  0  0/0    16:58   2:16   0:00 
Jack Eichel              1  1  2   1  0   7  0  0  1  0  19/33  23:06   1:59   0:00 
Jakob Silfverberg        0  0  0   1  0   1  0  2  1  0  2/4    20:57   0:00   0:06 
Kris Letang              1  0  1   0  0   4  2  3  0  1  0/0    25:20   2:50   0:00 
Lawson Crouse            0  0  0   0  2   2  1  0  0  0  0/0     8:03   0:00   0:00 
Marc Staal               0  0  0   1  0   0  0  0  0  0  0/0    20:27   0:00   0:06 
Michal Kempny            0  0  0   0  0   0  0  0  0  0  0/0    14:13   1:25   0:00 
Ryan Hartman             0  0  0   0  0   1  0  0  1  1  0/0     8:04   0:00   0:00 
Ryan Suter               0  0  0   1  0   0  1  2  2  0  0/0    23:21   2:50   0:00 
Samuel Girard            0  0  0   0  0   0  0  0  0  0  0/0    14:13   1:25   0:00 
T.J. Oshie               0  1  1   1  0   5  4  0  0  0  0/0    16:58   2:16   0:00 
William Nylander         0  0  0  -1  0   3  1  0  1  0  0/0    14:01   1:59   0:00 

3 Stars

1 - Jack Eichel (MIW)
2 - Frank Vatrano (MIW)
3 - Kris Letang (MIW)

Power Play

Stars - 1 on 1 Attempt(s) - 100,00%
Wild - 1 on 3 Attempt(s) - 33,33%

Penalty Kill

Stars - 2 on 3 Attempt(s) - 66,67% - Score 0 goal in Penalty Kill
Wild - 0 on 1 Attempt(s) - 0,00% - Score 0 goal in Penalty Kill

Team Stat

Stars - Hits : 9 - Faceoff Wins : 28 - Blocked Shots : 11 - Penalty Minutes : 6
Wild - Hits : 20 - Faceoff Wins : 42 - Blocked Shots : 12 - Penalty Minutes : 2

Official

Referees : Unknown
Linesman : Unknown

Game Notes

No Game Note

Stars

5 vs 5 Forward 
   Center                   Left Wing                Right Wing               Time % Phy DF OF 
 1 Mikko Rantanen           Adam Henrique            Alexander Radulov        40     1   2  2  
 2 J.T. Compher             Charlie Coyle            Richard Panik            30     1   2  2  
 3 Joe Thornton             Ryan Strome              Danton Heinen            20     1   2  2  
 4 Dylan Strome             Luke Witkowski           Mikko Rantanen           10     1   2  2  

5 vs 5 Defense 
   Defense                  Defense                                           Time % Phy DF OF 
 1 John Klingberg           Chris Tanev                                       40     1   2  2  
 2 Thomas Chabot            Dion Phaneuf                                      30     1   2  2  
 3 Adam Pelech              Derrick Pouliot                                   20     1   2  2  
 4 Francois Beauchemin      Ryan Murphy                                       10     1   2  2  

PowerPlay Forward 
   Center                   Left Wing                Right Wing               Time % Phy DF OF 
 1 Mikko Rantanen           Adam Henrique            Alexander Radulov        60     1   2  2  
 2 J.T. Compher             Charlie Coyle            Richard Panik            40     1   2  2  

PowerPlay Defense
   Defense                  Defense                                           Time % Phy DF OF 
 1 John Klingberg           Chris Tanev                                       60     1   2  2  
 2 Thomas Chabot            Dion Phaneuf                                      40     1   2  2  

Penalty Kill 4 Players Forward 
   Center                   Wing                     Time % Phy DF OF 
 1 Mikko Rantanen           Alexander Radulov        60     1   2  2  
 2 Adam Henrique            J.T. Compher             40     1   2  2  

Penalty Kill 4 Players Defense
   Defense                  Defense                  Time % Phy DF OF 
 1 John Klingberg           Chris Tanev              60     1   2  2  
 2 Thomas Chabot            Dion Phaneuf             40     1   2  2  

Penalty Kill - 3 Players Forward 
   Forward                                           Time % Phy DF OF 
 1 Mikko Rantanen                                    60     1   2  2  
 2 Alexander Radulov                                 40     1   2  2  

Penalty Kill - 3 Players Defense
   Defense                  Defense                  Time % Phy DF OF 
 1 John Klingberg           Chris Tanev              60     1   2  2  
 2 Thomas Chabot            Dion Phaneuf             40     1   2  2  

4 vs 4 Forward 
   Center                   Wing                     Time % Phy DF OF 
 1 Mikko Rantanen           Alexander Radulov        60     1   2  2  
 2 Adam Henrique            J.T. Compher             40     1   2  2  

4 vs 4 Defense
   Defense                  Defense                  Time % Phy DF OF 
 1 John Klingberg           Chris Tanev              60     1   2  2  
 2 Thomas Chabot            Dion Phaneuf             40     1   2  2  

Last Minutes Offensive
   Center                   Left Wing                Right Wing               Defense                  Defense                  
   Mikko Rantanen           Adam Henrique            Alexander Radulov        John Klingberg           Chris Tanev              

Last Minutes Defensive
   Center                   Left Wing                Right Wing               Defense                  Defense                  
   Mikko Rantanen           Adam Henrique            Alexander Radulov        John Klingberg           Chris Tanev              

Goaltenders
Starting : Jimmy Howard             
Backup : Mikko Koskinen           

Extra Forwards
Normal : Sam Steel, Joe Thornton, Dylan Strome - PP : Sam Steel, Joe Thornton - PK : Dylan Strome
Extra Defensemen
Normal : Adam Pelech, Derrick Pouliot, Francois Beauchemin - PP : Adam Pelech - PK : Derrick Pouliot, Francois Beauchemin
Penalty Shots
Mikko Rantanen, Alexander Radulov, Adam Henrique, J.T. Compher, Joe Thornton
Custom OT Lines Forwards
Mikko Rantanen, Alexander Radulov, Adam Henrique, J.T. Compher, Joe Thornton, Dylan Strome, Charlie Coyle, Richard Panik, Ryan Strome, Danton Heinen
Custom OT Lines Defensemen
John Klingberg, Chris Tanev, Thomas Chabot, Dion Phaneuf, Adam Pelech

Scratches
Martin Ouellette (Healthy)

Wild

5 vs 5 Forward 
   Center                   Left Wing                Right Wing               Time % Phy DF OF 
 1 Jack Eichel              Brad Marchand            Jakob Silfverberg        40     1   2  2  
 2 Evgeny Kuznetsov         T.J. Oshie               Frank Vatrano            30     1   2  2  
 3 Chris Tierney            Adrian Kempe             William Nylander         20     1   2  2  
 4 Christian Dvorak         Lawson Crouse            Ryan Hartman             10     1   2  2  

5 vs 5 Defense 
   Defense                  Defense                                           Time % Phy DF OF 
 1 Kris Letang              Brayden McNabb                                    40     1   2  2  
 2 Marc Staal               Ryan Suter                                        40     1   2  2  
 3 Michal Kempny            Samuel Girard                                     20     1   2  2  
 4 Kris Letang              Ryan Suter                                        0      1   2  2  

PowerPlay Forward 
   Center                   Left Wing                Right Wing               Time % Phy DF OF 
 1 Jack Eichel              Brad Marchand            William Nylander         50     1   2  2  
 2 Evgeny Kuznetsov         T.J. Oshie               Frank Vatrano            50     1   2  2  

PowerPlay Defense
   Defense                  Defense                                           Time % Phy DF OF 
 1 Kris Letang              Ryan Suter                                        65     1   2  2  
 2 Samuel Girard            Michal Kempny                                     35     1   2  2  

Penalty Kill 4 Players Forward 
   Center                   Wing                     Time % Phy DF OF 
 1 Chris Tierney            Jakob Silfverberg        70     1   4  0  
 2 Christian Dvorak         Lawson Crouse            30     2   3  0  

Penalty Kill 4 Players Defense
   Defense                  Defense                  Time % Phy DF OF 
 1 Marc Staal               Brayden McNabb           70     1   4  0  
 2 Michal Kempny            Ryan Suter               30     1   4  0  

Penalty Kill - 3 Players Forward 
   Forward                                           Time % Phy DF OF 
 1 Chris Tierney                                     65     0   5  0  
 2 Jakob Silfverberg                                 35     0   5  0  

Penalty Kill - 3 Players Defense
   Defense                  Defense                  Time % Phy DF OF 
 1 Marc Staal               Brayden McNabb           80     1   2  2  
 2 Michal Kempny            Ryan Suter               20     1   2  2  

4 vs 4 Forward 
   Center                   Wing                     Time % Phy DF OF 
 1 Jack Eichel              Brad Marchand            60     1   2  2  
 2 Evgeny Kuznetsov         T.J. Oshie               40     1   2  2  

4 vs 4 Defense
   Defense                  Defense                  Time % Phy DF OF 
 1 Kris Letang              Ryan Suter               60     1   2  2  
 2 Marc Staal               Brayden McNabb           40     1   2  2  

Last Minutes Offensive
   Center                   Left Wing                Right Wing               Defense                  Defense                  
   Jack Eichel              Brad Marchand            Evgeny Kuznetsov         Kris Letang              Ryan Suter               

Last Minutes Defensive
   Center                   Left Wing                Right Wing               Defense                  Defense                  
   Chris Tierney            Lawson Crouse            Jakob Silfverberg        Marc Staal               Brayden McNabb           

Goaltenders
Starting : Anton Khudobin           
Backup : Linus Ullmark            

Extra Forwards
Normal : Evgeny Kuznetsov, Jack Eichel, Brad Marchand - PP : Brad Marchand, Frank Vatrano - PK : Jakob Silfverberg
Extra Defensemen
Normal : Michal Kempny, Kris Letang, Marc Staal - PP : Michal Kempny - PK : Kris Letang, Marc Staal
Penalty Shots
Jack Eichel, Brad Marchand, Evgeny Kuznetsov, T.J. Oshie, Jakob Silfverberg
Custom OT Lines Forwards
Jack Eichel, Brad Marchand, Evgeny Kuznetsov, T.J. Oshie, Jakob Silfverberg, Chris Tierney, Frank Vatrano, Adrian Kempe, William Nylander, Ryan Hartman
Custom OT Lines Defensemen
Kris Letang, Ryan Suter, Marc Staal, Brayden McNabb, Michal Kempny

Scratches
Anton Lindholm (Healthy)

% Time on Ice - Stars

Lines # - Real PCT - Wanted PCT - Time Play
Normal Forward
1 - 31% - 40% - 17:26
2 - 32% - 30% - 17:59
3 - 25% - 20% - 13:55
4 - 11% - 10% - 6:19
Normal Defense
1 - 37% - 40% - 20:52
2 - 30% - 30% - 16:36
3 - 19% - 20% - 10:49
4 - 13% - 10% - 7:22
PP Forward
1 - 0% - 60% - 0:00
2 - 100% - 40% - 0:06
PP Defense
1 - 0% - 60% - 0:00
2 - 100% - 40% - 0:06
PK Forward
1 - 86% - 60% - 3:40
2 - 14% - 40% - 0:35
PK Defense
1 - 79% - 60% - 3:22
2 - 21% - 40% - 0:53
PK3 Forward
1 - 0% - 60%
2 - 0% - 40%
PK3 Defense
1 - 0% - 60%
2 - 0% - 40%
44 Forward
1 - 0% - 60%
2 - 0% - 40%
44 Defense
1 - 0% - 60%
2 - 0% - 40%
Last Minute Offensive  - 0:00
Last Minute Defensive  - 0:00
Total
Forward - 60:00
Defense - 60:00

% Time on Ice - Wild

Lines # - Real PCT - Wanted PCT - Time Play
Normal Forward
1 - 38% - 40% - 21:07
2 - 26% - 30% - 14:42
3 - 21% - 20% - 11:46
4 - 14% - 10% - 8:04
Normal Defense
1 - 40% - 40% - 22:30
2 - 37% - 40% - 20:35
3 - 23% - 20% - 12:34
4 - 0% - 0% - 0:00
PP Forward
1 - 47% - 50% - 1:59
2 - 53% - 50% - 2:16
PP Defense
1 - 67% - 65% - 2:50
2 - 33% - 35% - 1:25
PK Forward
1 - 100% - 70% - 0:06
2 - 0% - 30% - 0:00
PK Defense
1 - 100% - 70% - 0:06
2 - 0% - 30% - 0:00
PK3 Forward
1 - 0% - 65%
2 - 0% - 35%
PK3 Defense
1 - 0% - 80%
2 - 0% - 20%
44 Forward
1 - 0% - 60%
2 - 0% - 40%
44 Defense
1 - 0% - 60%
2 - 0% - 40%
Last Minute Offensive  - 0:00
Last Minute Defensive  - 0:00
Total
Forward - 60:00
Defense - 60:00

Play-by-Play

1st period


0:01 of 1st period - Mikko Rantanen wins face-off versus Jack Eichel in neutral zone.
0:40 of 1st period - Snap shot by Brad Marchand.
0:40 of 1st period - Stopped by Jimmy Howard without a rebound.
0:41 of 1st period - Evgeny Kuznetsov wins face-off versus J.T. Compher in Stars zone.
0:42 of 1st period - Snap shot by T.J. Oshie.
0:42 of 1st period - Stopped by Jimmy Howard with a rebound.
0:50 of 1st period - Snap shot by Charlie Coyle.
0:50 of 1st period - Stopped by Anton Khudobin with a rebound.
0:52 of 1st period - Snap shot by Richard Panik.
0:52 of 1st period - Stopped by Anton Khudobin without a rebound.
0:53 of 1st period - Dylan Strome wins face-off versus Chris Tierney in Wild zone.
1:00 of 1st period - Wrist shot by Mikko Rantanen.
1:00 of 1st period - Stopped by Anton Khudobin with a rebound.
1:02 of 1st period - Slapshot by Ryan Murphy.
1:02 of 1st period - Deflect By Chris Tierney.
1:02 of 1st period - Stopped by Anton Khudobin with a rebound.
1:21 of 1st period - Wrist shot by Richard Panik.
1:21 of 1st period - Shot Misses the Net.
1:41 of 1st period - Snap shot by Joe Thornton.
1:41 of 1st period - Shot Misses the Net.
1:47 of 1st period - Snap shot by Lawson Crouse.
1:47 of 1st period - Stopped by Jimmy Howard without a rebound.
1:48 of 1st period - Jack Eichel wins face-off versus Mikko Rantanen in Stars zone.
2:02 of 1st period - Slapshot by Jack Eichel.
2:02 of 1st period - Shot Blocked by John Klingberg.
2:14 of 1st period - T.J. Oshie is hit by Richard Panik and loses puck.
2:24 of 1st period - Icing by Frank Vatrano.
2:25 of 1st period - Evgeny Kuznetsov wins face-off versus Joe Thornton in Wild zone.
3:20 of 1st period - Slapshot by Alexander Radulov.
3:20 of 1st period - Shot Misses the Net.
3:22 of 1st period - Wrist shot by Alexander Radulov.
3:22 of 1st period - Shot Misses the Net.
3:24 of 1st period - Snap shot by Mikko Rantanen.
3:24 of 1st period - Stopped by Anton Khudobin without a rebound.
3:25 of 1st period - J.T. Compher wins face-off versus Jack Eichel in Wild zone.
3:34 of 1st period - Snap shot by Brad Marchand.
3:34 of 1st period - Stopped by Jimmy Howard without a rebound.
3:35 of 1st period - Jack Eichel wins face-off versus J.T. Compher in Stars zone.
3:38 of 1st period - Slapshot by Brad Marchand.
3:38 of 1st period - Shot Misses the Net.
3:40 of 1st period - Slapshot by Kris Letang.
3:40 of 1st period - Shot Misses the Net.
3:42 of 1st period - Slapshot by Kris Letang.
3:42 of 1st period - Stopped by Jimmy Howard without a rebound.
3:43 of 1st period - Jack Eichel wins face-off versus Mikko Rantanen in Stars zone.
4:10 of 1st period - J.T. Compher is hit by Brayden McNabb and loses puck.
4:15 of 1st period - Wrist shot by William Nylander.
4:15 of 1st period - Stopped by Jimmy Howard with a rebound.
4:17 of 1st period - Snap shot by Chris Tierney.
4:17 of 1st period - Shot Blocked by Adam Pelech.
4:32 of 1st period - Off-side.
4:33 of 1st period - Joe Thornton wins face-off versus Evgeny Kuznetsov in neutral zone.
4:58 of 1st period - Marc Staal is hit by Alexander Radulov and loses puck.
5:11 of 1st period - Snap shot by Mikko Rantanen.
5:11 of 1st period - Stopped by Anton Khudobin with a rebound.
5:23 of 1st period - Wrist shot by Brad Marchand.
5:23 of 1st period - Shot Misses the Net.
5:25 of 1st period - Snap shot by Brad Marchand.
5:25 of 1st period - Stopped by Jimmy Howard without a rebound.
5:26 of 1st period - Chris Tierney wins face-off versus Richard Panik in Stars zone.
5:51 of 1st period - John Klingberg is hit by T.J. Oshie and loses puck.
7:36 of 1st period - Snap shot by Lawson Crouse.
7:36 of 1st period - Stopped by Jimmy Howard with a rebound.
7:38 of 1st period - Slapshot by Ryan Suter.
7:38 of 1st period - Shot Blocked by Adam Pelech.
8:21 of 1st period - Icing by Chris Tierney.
8:22 of 1st period - Mikko Rantanen wins face-off versus Evgeny Kuznetsov in Wild zone.
8:30 of 1st period - Snap shot by Mikko Rantanen.
8:30 of 1st period - Shot Blocked by Brayden McNabb.
8:32 of 1st period - Slapshot by Dion Phaneuf.
8:32 of 1st period - Shot Misses the Net.
8:34 of 1st period - Snap shot by Mikko Rantanen.
8:34 of 1st period - Shot Blocked by Brayden McNabb.
8:46 of 1st period - Snap shot by Richard Panik.
8:46 of 1st period - Stopped by Anton Khudobin without a rebound.
8:47 of 1st period - J.T. Compher wins face-off versus Jack Eichel in Wild zone.
8:50 of 1st period - Snap shot by J.T. Compher.
8:50 of 1st period - Shot Misses the Net.
8:52 of 1st period - Wrist shot by Francois Beauchemin.
8:52 of 1st period - Stopped by Anton Khudobin without a rebound.
8:53 of 1st period - Jakob Silfverberg wins face-off versus Mikko Rantanen in Wild zone.
9:42 of 1st period - Snap shot by Joe Thornton.
9:42 of 1st period - Shot Misses the Net.
9:44 of 1st period - Snap shot by Danton Heinen.
9:44 of 1st period - Deflect By Joe Thornton.
9:44 of 1st period - Shot Blocked by Kris Letang.
9:44 of 1st period - Puck is out of play.
9:45 of 1st period - Jack Eichel wins face-off versus Joe Thornton in Wild zone.
10:09 of 1st period - Icing by Chris Tanev.
10:10 of 1st period - Mikko Rantanen wins face-off versus Evgeny Kuznetsov in Stars zone.
10:17 of 1st period - Snap shot by Alexander Radulov.
10:17 of 1st period - Shot Blocked by Ryan Suter.
10:19 of 1st period - Snap shot by Adam Henrique.
10:19 of 1st period - Shot Misses the Net.
10:21 of 1st period - Slapshot by Adam Henrique.
10:21 of 1st period - Shot Misses the Net.
11:08 of 1st period - Wrist shot by Ryan Strome.
11:08 of 1st period - Stopped by Anton Khudobin without a rebound.
11:09 of 1st period - Mikko Rantanen wins face-off versus Evgeny Kuznetsov in Wild zone.
11:10 of 1st period - Slapshot by Alexander Radulov.
11:10 of 1st period - Stopped by Anton Khudobin without a rebound.
11:11 of 1st period - Evgeny Kuznetsov wins face-off versus Mikko Rantanen in Wild zone.
11:36 of 1st period - Kris Letang is hit by Richard Panik and loses puck.
11:43 of 1st period - Wrist shot by J.T. Compher.
11:43 of 1st period - Shot Misses the Net.
11:45 of 1st period - Slapshot by Thomas Chabot.
11:45 of 1st period - Shot Blocked by Jakob Silfverberg.
12:18 of 1st period - Off-side.
12:19 of 1st period - Dylan Strome wins face-off versus Chris Tierney in neutral zone.
13:32 of 1st period - Wrist shot by Mikko Rantanen.
13:32 of 1st period - Shot Misses the Net.
13:42 of 1st period - Slapshot by William Nylander.
13:42 of 1st period - Stopped by Jimmy Howard with a rebound.
14:27 of 1st period - Icing by John Klingberg.
14:28 of 1st period - Brad Marchand wins face-off versus Mikko Rantanen in Stars zone.
14:37 of 1st period - Wrist shot by Jack Eichel.
14:37 of 1st period - Shot Blocked by Chris Tanev.
14:39 of 1st period - Slapshot by Michal Kempny.
14:39 of 1st period - Shot Blocked by Chris Tanev.
14:41 of 1st period - Snap shot by Brad Marchand.
14:41 of 1st period - Stopped by Jimmy Howard without a rebound.
14:42 of 1st period - Jack Eichel wins face-off versus J.T. Compher in Stars zone.
14:55 of 1st period - Wrist shot by Jack Eichel.
14:55 of 1st period - Stopped by Jimmy Howard with a rebound.
14:57 of 1st period - Snap shot by Brayden McNabb.
14:57 of 1st period - Stopped by Jimmy Howard without a rebound.
14:58 of 1st period - Evgeny Kuznetsov wins face-off versus Mikko Rantanen in Stars zone.
15:05 of 1st period - Snap shot by T.J. Oshie.
15:05 of 1st period - Deflect By Mikko Rantanen.
15:05 of 1st period - Stopped by Jimmy Howard with a rebound.
15:07 of 1st period - Snap shot by Frank Vatrano.
15:07 of 1st period - Goal by Frank Vatrano - Stars : 0 - Wild : 1.
15:08 of 1st period - Jack Eichel wins face-off versus Mikko Rantanen in neutral zone.
15:35 of 1st period - Chris Tanev is hit by T.J. Oshie and loses puck.
15:45 of 1st period - Icing by T.J. Oshie.
15:46 of 1st period - Evgeny Kuznetsov wins face-off versus Mikko Rantanen in Wild zone.
15:51 of 1st period - Mikko Rantanen is hit by Frank Vatrano and loses puck.
16:02 of 1st period - Mikko Rantanen is hit by Evgeny Kuznetsov and loses puck.
16:20 of 1st period - Snap shot by J.T. Compher.
16:20 of 1st period - Stopped by Anton Khudobin with a rebound.
16:22 of 1st period - Snap shot by Charlie Coyle.
16:22 of 1st period - Shot Misses the Net.
16:24 of 1st period - Slapshot by Richard Panik.
16:24 of 1st period - Shot Blocked by Frank Vatrano.
16:33 of 1st period - Off-side.
16:34 of 1st period - Jack Eichel wins face-off versus Joe Thornton in neutral zone.
17:13 of 1st period - Off-side.
17:14 of 1st period - J.T. Compher wins face-off versus Chris Tierney in neutral zone.
17:21 of 1st period - Wrist shot by Charlie Coyle.
17:21 of 1st period - Shot Blocked by Ryan Suter.
17:23 of 1st period - Snap shot by J.T. Compher.
17:23 of 1st period - Stopped by Anton Khudobin without a rebound.
17:24 of 1st period - J.T. Compher wins face-off versus Jack Eichel in Wild zone.
17:27 of 1st period - Snap shot by Richard Panik.
17:27 of 1st period - Shot Misses the Net.
17:29 of 1st period - Slapshot by Dion Phaneuf.
17:29 of 1st period - Deflect By Brad Marchand.
17:29 of 1st period - Stopped by Anton Khudobin without a rebound.
17:30 of 1st period - Jack Eichel wins face-off versus Mikko Rantanen in Wild zone.
17:39 of 1st period - Wrist shot by Brad Marchand.
17:39 of 1st period - Stopped by Jimmy Howard with a rebound.
18:02 of 1st period - Snap shot by T.J. Oshie.
18:02 of 1st period - Deflect By Evgeny Kuznetsov.
18:02 of 1st period - Stopped by Jimmy Howard with a rebound.
18:14 of 1st period - John Klingberg is hit by Kris Letang and loses puck.
18:28 of 1st period - Snap shot by Evgeny Kuznetsov.
18:28 of 1st period - Stopped by Jimmy Howard without a rebound.
18:29 of 1st period - Jakob Silfverberg wins face-off versus Mikko Rantanen in Stars zone.
19:54 of 1st period - Mikko Rantanen is hit by T.J. Oshie and loses puck.
Goals for this period are 0 for Stars vs 1 for Wild.
Shots for this period are 13 for Stars vs 17 for Wild.

2nd period


0:01 of 2nd period - Jack Eichel wins face-off versus Mikko Rantanen in neutral zone.
0:06 of 2nd period - Wrist shot by Jack Eichel.
0:06 of 2nd period - Stopped by Jimmy Howard without a rebound.
0:07 of 2nd period - Jack Eichel wins face-off versus Alexander Radulov in Stars zone.
0:20 of 2nd period - Slapshot by Jack Eichel.
0:20 of 2nd period - Stopped by Jimmy Howard without a rebound.
0:21 of 2nd period - Evgeny Kuznetsov wins face-off versus Mikko Rantanen in Stars zone.
0:28 of 2nd period - Snap shot by T.J. Oshie.
0:28 of 2nd period - Stopped by Jimmy Howard without a rebound.
0:29 of 2nd period - Evgeny Kuznetsov wins face-off versus Mikko Rantanen in Stars zone.
1:02 of 2nd period - Wrist shot by Brad Marchand.
1:02 of 2nd period - Shot Misses the Net.
1:04 of 2nd period - Slapshot by Jack Eichel.
1:04 of 2nd period - Goal by Jack Eichel - Stars : 0 - Wild : 2.
1:05 of 2nd period - Mikko Rantanen wins face-off versus Jack Eichel in neutral zone.
1:07 of 2nd period - Minor Penalty to Mikko Rantanen for Cross-checking.
1:08 of 2nd period - Jack Eichel wins face-off versus Dylan Strome in Stars zone.
1:20 of 2nd period - Snap shot by Brad Marchand.
1:20 of 2nd period - Stopped by Jimmy Howard with a rebound.
1:22 of 2nd period - Snap shot by Kris Letang.
1:22 of 2nd period - Shot Blocked by Alexander Radulov.
1:24 of 2nd period - Wrist shot by Kris Letang.
1:24 of 2nd period - Goal by Kris Letang - Stars : 0 - Wild : 3.
1:25 of 2nd period - Jack Eichel wins face-off versus Mikko Rantanen in neutral zone.
1:28 of 2nd period - Chris Tanev is hit by Kris Letang and loses puck.
1:59 of 2nd period - Snap shot by J.T. Compher.
1:59 of 2nd period - Shot Blocked by Brayden McNabb.
2:13 of 2nd period - Slapshot by Joe Thornton.
2:13 of 2nd period - Shot Blocked by Kris Letang.
2:50 of 2nd period - Snap shot by Jack Eichel.
2:50 of 2nd period - Shot Misses the Net.
2:52 of 2nd period - Snap shot by Ryan Suter.
2:52 of 2nd period - Deflect By Jakob Silfverberg.
2:52 of 2nd period - Shot Misses the Net.
2:52 of 2nd period - Puck is out of play.
2:53 of 2nd period - J.T. Compher wins face-off versus Jakob Silfverberg in Stars zone.
3:14 of 2nd period - Wrist shot by Brad Marchand.
3:14 of 2nd period - Shot Misses the Net.
3:34 of 2nd period - Slapshot by Jakob Silfverberg.
3:34 of 2nd period - Stopped by Jimmy Howard without a rebound.
3:35 of 2nd period - Christian Dvorak wins face-off versus Mikko Rantanen in Stars zone.
3:44 of 2nd period - Chris Tanev is hit by Lawson Crouse and loses puck.
4:29 of 2nd period - Wrist shot by Evgeny Kuznetsov.
4:29 of 2nd period - Stopped by Jimmy Howard with a rebound.
4:31 of 2nd period - Snap shot by Kris Letang.
4:31 of 2nd period - Shot Blocked by Dylan Strome.
4:33 of 2nd period - Snap shot by T.J. Oshie.
4:33 of 2nd period - Stopped by Jimmy Howard without a rebound.
4:34 of 2nd period - Joe Thornton wins face-off versus Jack Eichel in Stars zone.
5:45 of 2nd period - Snap shot by Dylan Strome.
5:45 of 2nd period - Shot Misses the Net.
5:47 of 2nd period - Wrist shot by Mikko Rantanen.
5:47 of 2nd period - Stopped by Anton Khudobin without a rebound.
5:48 of 2nd period - Mikko Rantanen wins face-off versus Chris Tierney in Wild zone.
6:08 of 2nd period - Minor Penalty to Richard Panik for Hooking.
6:09 of 2nd period - Evgeny Kuznetsov wins face-off versus Mikko Rantanen in Stars zone.
7:11 of 2nd period - Mikko Rantanen is hit by Frank Vatrano and loses puck.
7:21 of 2nd period - Off-side.
7:22 of 2nd period - Adam Henrique wins face-off versus Jack Eichel in neutral zone.
7:34 of 2nd period - Icing by Kris Letang.
7:35 of 2nd period - Mikko Rantanen wins face-off versus Jack Eichel in Wild zone.
8:08 of 2nd period - Penalty to Richard Panik is over, Richard Panik is back on ice.
8:21 of 2nd period - Minor Penalty to Lawson Crouse for Hooking.
8:22 of 2nd period - J.T. Compher wins face-off versus Jakob Silfverberg in Wild zone.
8:25 of 2nd period - Slapshot by J.T. Compher.
8:25 of 2nd period - Stopped by Anton Khudobin with a rebound.
8:27 of 2nd period - Snap shot by Dion Phaneuf.
8:27 of 2nd period - Goal by Dion Phaneuf - Stars : 1 - Wild : 3.
8:28 of 2nd period - Jack Eichel wins face-off versus Mikko Rantanen in neutral zone.
8:55 of 2nd period - John Klingberg is hit by Adrian Kempe and loses puck.
9:22 of 2nd period - John Klingberg is hit by T.J. Oshie and loses puck.
9:42 of 2nd period - Snap shot by Richard Panik.
9:42 of 2nd period - Shot Misses the Net.
9:44 of 2nd period - Slapshot by Ryan Strome.
9:44 of 2nd period - Shot Blocked by Christian Dvorak.
9:46 of 2nd period - Snap shot by Joe Thornton.
9:46 of 2nd period - Stopped by Anton Khudobin with a rebound.
9:48 of 2nd period - Slapshot by Joe Thornton.
9:48 of 2nd period - Stopped by Anton Khudobin without a rebound.
9:49 of 2nd period - Jack Eichel wins face-off versus Joe Thornton in Wild zone.
9:56 of 2nd period - Wrist shot by Jack Eichel.
9:56 of 2nd period - Shot Misses the Net.
10:04 of 2nd period - Slapshot by Joe Thornton.
10:04 of 2nd period - Shot Misses the Net.
10:12 of 2nd period - Snap shot by Danton Heinen.
10:12 of 2nd period - Shot Misses the Net.
10:14 of 2nd period - Wrist shot by Danton Heinen.
10:14 of 2nd period - Shot Misses the Net.
10:18 of 2nd period - Snap shot by Danton Heinen.
10:18 of 2nd period - Shot Blocked by Jakob Silfverberg.
10:28 of 2nd period - Wrist shot by Joe Thornton.
10:28 of 2nd period - Stopped by Anton Khudobin with a rebound.
10:30 of 2nd period - Snap shot by Ryan Strome.
10:30 of 2nd period - Shot Misses the Net.
10:32 of 2nd period - Wrist shot by Dion Phaneuf.
10:32 of 2nd period - Deflect By Brad Marchand.
10:32 of 2nd period - Stopped by Anton Khudobin with a rebound.
10:59 of 2nd period - Snap shot by Jack Eichel.
10:59 of 2nd period - Stopped by Jimmy Howard without a rebound.
11:00 of 2nd period - Evgeny Kuznetsov wins face-off versus Mikko Rantanen in Stars zone.
11:25 of 2nd period - John Klingberg is hit by Brayden McNabb and loses puck.
12:39 of 2nd period - Snap shot by Ryan Hartman.
12:39 of 2nd period - Stopped by Jimmy Howard without a rebound.
12:40 of 2nd period - Evgeny Kuznetsov wins face-off versus Dylan Strome in Stars zone.
12:49 of 2nd period - Snap shot by T.J. Oshie.
12:49 of 2nd period - Stopped by Jimmy Howard with a rebound.
12:51 of 2nd period - Slapshot by Ryan Suter.
12:51 of 2nd period - Shot Blocked by Luke Witkowski.
13:28 of 2nd period - Wrist shot by Jack Eichel.
13:28 of 2nd period - Stopped by Jimmy Howard with a rebound.
13:34 of 2nd period - Snap shot by Mikko Rantanen.
13:34 of 2nd period - Stopped by Anton Khudobin with a rebound.
13:36 of 2nd period - Slapshot by Alexander Radulov.
13:36 of 2nd period - Shot Misses the Net.
13:40 of 2nd period - Snap shot by Mikko Rantanen.
13:40 of 2nd period - Shot Misses the Net.
13:50 of 2nd period - Wrist shot by J.T. Compher.
13:50 of 2nd period - Shot Misses the Net.
14:22 of 2nd period - Frank Vatrano is hit by Thomas Chabot.
15:03 of 2nd period - Slapshot by Kris Letang.
15:03 of 2nd period - Stopped by Jimmy Howard with a rebound.
15:05 of 2nd period - Snap shot by Brayden McNabb.
15:05 of 2nd period - Stopped by Jimmy Howard without a rebound.
15:06 of 2nd period - Jack Eichel wins face-off versus Joe Thornton in Stars zone.
15:07 of 2nd period - Snap shot by Brad Marchand.
15:07 of 2nd period - Stopped by Jimmy Howard without a rebound.
15:08 of 2nd period - Ryan Strome wins face-off versus Jack Eichel in Stars zone.
15:08 of 2nd period - Ryan Strome is hit by Brad Marchand.
15:31 of 2nd period - Brad Marchand is hit by Danton Heinen and loses puck.
15:38 of 2nd period - Danton Heinen is hit by Ryan Suter.
16:11 of 2nd period - Off-side.
16:12 of 2nd period - Evgeny Kuznetsov wins face-off versus Mikko Rantanen in neutral zone.
16:49 of 2nd period - Snap shot by Richard Panik.
16:49 of 2nd period - Stopped by Anton Khudobin with a rebound.
17:01 of 2nd period - Kris Letang is hit by Thomas Chabot and loses puck.
17:53 of 2nd period - Wrist shot by Evgeny Kuznetsov.
17:53 of 2nd period - Stopped by Jimmy Howard with a rebound.
17:55 of 2nd period - Wrist shot by Evgeny Kuznetsov.
17:55 of 2nd period - Shot Misses the Net.
18:13 of 2nd period - Slapshot by John Klingberg.
18:13 of 2nd period - Stopped by Anton Khudobin with a rebound.
18:25 of 2nd period - Slapshot by John Klingberg.
18:25 of 2nd period - Deflect By Richard Panik.
18:25 of 2nd period - Shot Misses the Net.
18:25 of 2nd period - Puck is out of play.
18:26 of 2nd period - Christian Dvorak wins face-off versus J.T. Compher in Wild zone.
18:33 of 2nd period - Snap shot by J.T. Compher.
18:33 of 2nd period - Shot Misses the Net.
19:01 of 2nd period - Snap shot by Danton Heinen.
19:01 of 2nd period - Stopped by Anton Khudobin with a rebound.
19:40 of 2nd period - Off-side.
19:41 of 2nd period - Jack Eichel wins face-off versus Joe Thornton in neutral zone.
Goals for this period are 1 for Stars vs 2 for Wild.
Shots for this period are 11 for Stars vs 17 for Wild.

3rd period


0:01 of 3rd period - Mikko Rantanen wins face-off versus Jack Eichel in neutral zone.
0:33 of 3rd period - Snap shot by Charlie Coyle.
0:33 of 3rd period - Stopped by Anton Khudobin with a rebound.
1:35 of 3rd period - Snap shot by Kris Letang.
1:35 of 3rd period - Deflect By John Klingberg.
1:35 of 3rd period - Stopped by Jimmy Howard with a rebound.
1:37 of 3rd period - Snap shot by Brad Marchand.
1:37 of 3rd period - Shot Misses the Net.
1:39 of 3rd period - Snap shot by Brayden McNabb.
1:39 of 3rd period - Shot Blocked by John Klingberg.
2:17 of 3rd period - Joe Thornton is hit by Adrian Kempe.
2:39 of 3rd period - Ryan Suter is hit by Alexander Radulov and loses puck.
3:40 of 3rd period - Minor Penalty to Alexander Radulov for Roughing.
3:41 of 3rd period - Evgeny Kuznetsov wins face-off versus Mikko Rantanen in Stars zone.
3:51 of 3rd period - Snap shot by T.J. Oshie.
3:51 of 3rd period - Shot Misses the Net.
4:22 of 3rd period - Wrist shot by Sam Steel.
4:22 of 3rd period - Stopped by Anton Khudobin without a rebound.
4:23 of 3rd period - Mikko Rantanen wins face-off versus Evgeny Kuznetsov in Wild zone.
4:24 of 3rd period - Snap shot by Dylan Strome.
4:24 of 3rd period - Shot Misses the Net.
4:31 of 3rd period - Off-side.
4:32 of 3rd period - Mikko Rantanen wins face-off versus Evgeny Kuznetsov in neutral zone.
4:37 of 3rd period - Slapshot by John Klingberg.
4:37 of 3rd period - Shot Misses the Net.
4:53 of 3rd period - Snap shot by Evgeny Kuznetsov.
4:53 of 3rd period - Stopped by Jimmy Howard without a rebound.
4:54 of 3rd period - Jack Eichel wins face-off versus Mikko Rantanen in Stars zone.
5:24 of 3rd period - Slapshot by John Klingberg.
5:24 of 3rd period - Shot Misses the Net.
5:40 of 3rd period - Penalty to Alexander Radulov is over, Alexander Radulov is back on ice.
5:58 of 3rd period - Wrist shot by Thomas Chabot.
5:58 of 3rd period - Stopped by Anton Khudobin without a rebound.
5:59 of 3rd period - Christian Dvorak wins face-off versus Joe Thornton in Wild zone.
6:06 of 3rd period - Joe Thornton is hit by Christian Dvorak and loses puck.
6:12 of 3rd period - Off-side.
6:13 of 3rd period - Jack Eichel wins face-off versus J.T. Compher in neutral zone.
7:23 of 3rd period - Icing by Ryan Suter.
7:24 of 3rd period - Christian Dvorak wins face-off versus Joe Thornton in Wild zone.
8:01 of 3rd period - Snap shot by Alexander Radulov.
8:01 of 3rd period - Shot Misses the Net.
8:03 of 3rd period - Slapshot by Dion Phaneuf.
8:03 of 3rd period - Shot Blocked by Kris Letang.
10:04 of 3rd period - Snap shot by Ryan Suter.
10:04 of 3rd period - Shot Blocked by Mikko Rantanen.
10:06 of 3rd period - Wrist shot by Christian Dvorak.
10:06 of 3rd period - Deflect By Lawson Crouse.
10:06 of 3rd period - Shot Blocked by John Klingberg.
10:06 of 3rd period - Puck is out of play.
10:07 of 3rd period - Dylan Strome wins face-off versus Christian Dvorak in Stars zone.
11:06 of 3rd period - Evgeny Kuznetsov is hit by Mikko Rantanen and loses puck.
11:27 of 3rd period - Wrist shot by Richard Panik.
11:27 of 3rd period - Stopped by Anton Khudobin with a rebound.
11:29 of 3rd period - Slapshot by Charlie Coyle.
11:29 of 3rd period - Goal by Charlie Coyle - Stars : 2 - Wild : 3.
11:30 of 3rd period - Brad Marchand wins face-off versus Mikko Rantanen in neutral zone.
11:40 of 3rd period - Wrist shot by Mikko Rantanen.
11:40 of 3rd period - Stopped by Anton Khudobin with a rebound.
11:44 of 3rd period - Snap shot by Mikko Rantanen.
11:44 of 3rd period - Shot Misses the Net.
11:46 of 3rd period - Slapshot by Chris Tanev.
11:46 of 3rd period - Deflect By Mikko Rantanen.
11:46 of 3rd period - Shot Misses the Net.
11:46 of 3rd period - Puck is out of play.
11:47 of 3rd period - Evgeny Kuznetsov wins face-off versus J.T. Compher in Wild zone.
12:12 of 3rd period - Chris Tanev is hit by Brayden McNabb and loses puck.
12:17 of 3rd period - Wrist shot by William Nylander.
12:17 of 3rd period - Stopped by Jimmy Howard with a rebound.
12:25 of 3rd period - Chris Tanev is hit by Adrian Kempe and loses puck.
12:39 of 3rd period - Icing by Ryan Suter.
12:40 of 3rd period - Mikko Rantanen wins face-off versus Jack Eichel in Wild zone.
15:08 of 3rd period - Off-side.
15:09 of 3rd period - Christian Dvorak wins face-off versus Joe Thornton in neutral zone.
15:34 of 3rd period - Brad Marchand is hit by Alexander Radulov and loses puck.
16:36 of 3rd period - Joe Thornton is hit by William Nylander and loses puck.
17:01 of 3rd period - Wrist shot by Jack Eichel.
17:01 of 3rd period - Stopped by Jimmy Howard without a rebound.
17:02 of 3rd period - J.T. Compher wins face-off versus Evgeny Kuznetsov in Stars zone.
17:25 of 3rd period - Wrist shot by Mikko Rantanen.
17:25 of 3rd period - Shot Misses the Net.
17:27 of 3rd period - Wrist shot by Adam Henrique.
17:27 of 3rd period - Stopped by Anton Khudobin without a rebound.
17:28 of 3rd period - Jack Eichel wins face-off versus Mikko Rantanen in Wild zone.
17:38 of 3rd period - Snap shot by Mikko Rantanen.
17:38 of 3rd period - Stopped by Anton Khudobin without a rebound.
17:39 of 3rd period - Mikko Rantanen wins face-off versus Jack Eichel in Wild zone.
17:46 of 3rd period - Slapshot by Alexander Radulov.
17:46 of 3rd period - Shot Misses the Net.
17:48 of 3rd period - Slapshot by John Klingberg.
17:48 of 3rd period - Deflect By Brad Marchand.
17:48 of 3rd period - Stopped by Anton Khudobin without a rebound.
17:49 of 3rd period - Mikko Rantanen wins face-off versus Jack Eichel in Wild zone.
17:54 of 3rd period - Snap shot by Mikko Rantanen.
17:54 of 3rd period - Shot Misses the Net.
17:56 of 3rd period - Wrist shot by Mikko Rantanen.
17:56 of 3rd period - Shot Hit the Post.
18:33 of 3rd period - Icing by Brayden McNabb.
18:34 of 3rd period - J.T. Compher wins face-off versus Jack Eichel in Wild zone.
Goals for this period are 1 for Stars vs 0 for Wild.
Shots for this period are 9 for Stars vs 4 for Wild.